 Dungeon Crawl Stone Soup version 0.28-a0-1286-g6bde065e89 (webtiles) character file.

Game seed: 11596644475873600364

585 willcat the Covert (level 7, -1/45 HPs)
             Began as an Octopode Brigand on Dec 26, 2021.
             Slain by a water moccasin (4 damage)
             ... on level 5 of the Dungeon.
             The game lasted 00:03:30 (4893 turns).

willcat the Covert (Octopode Brigand)               Turns: 4893, Time: 00:03:30

Health: -1/45      AC:  1    Str: 10    XL:     7   Next: 37%
Magic:  7/7        EV: 11    Int: 15    God:
Gold:   197        SH:  9    Dex: 14    Spells: 6/6 levels left

rFire   . . .      SeeInvis .   a - +2 dagger
rCold   . . .      Faith    .   g - +0 kite shield
rNeg    . . .      Spirit   .   (helmet restricted)
rPois   .          Reflect  .   l - amulet of magic regeneration
rElec   .          Harm     .   (no ring)
rCorr   .          Rampage  .   (no ring)
Will    .....                   (no ring)
Stlth   +++++.....              (no ring)
HPRegen 0.15/turn               (no ring)
MPRegen 0.50/turn               (no ring)
                                (no ring)
                                (no ring)

@: brilliant, lethally poisoned (-1 -> -11), attractive
A: almost no armour, amphibious, 8 rings, camouflage 1, gelatinous body 1,
(nimble swimmer 1), tentacles
a: no special abilities


You were on level 5 of the Dungeon.
You visited 1 branch of the dungeon, and saw 5 of its levels.

You collected 197 gold pieces.

Inventory:

Hand Weapons
 a - a +2 dagger (weapon)
Missiles
 b - 19 poisoned darts (quivered)
 c - 7 curare-tipped darts
Armour
 g - a +0 kite shield (worn)
Jewellery
 l - an amulet of magic regeneration (around mantle)
Wands
 j - a wand of digging (3)
 o - a wand of iceblast (13)
Scrolls
 d - 2 scrolls of immolation {unknown}
 h - 2 scrolls of blinking {unknown}
 m - 2 scrolls of noise {unknown}
 n - 2 scrolls of identify {unknown}
 q - a scroll of magic mapping {unknown}
Potions
 e - a potion of brilliance
 f - a potion of mutation {unknown}
 i - a potion of curing
 k - a potion of attraction
 p - a potion of magic {unknown}


   Skills:
 - Level 2.0 Fighting
 + Level 3.6 Short Blades
 - Level 2.0 Throwing
 + Level 2.2 Dodging
 + Level 9.7 Stealth
 * Level 3.2 Shields


You had 6 spell levels left.
You didn't know any spells.
Your spell library was empty.

Dungeon Overview and Level Annotations

Branches:
Dungeon (5/15)
 Temple: D:4-7

Altars:


Innate Abilities, Weirdness & Mutations

You cannot wear most types of armour.
You are amphibious.
You can wear up to eight rings at the same time.
Your skin changes colour to match your surroundings (Stealth+).
Your rubbery body absorbs attacks. (AC +1, EV +1)
((You are camouflaged when in or above water. (Stealth+)))
You have tentacles for arms and can constrict up to eight enemies at once.


Message History

The water moccasin is moderately wounded.
You constrict the water moccasin. The water moccasin barely misses you.
You barely miss the water moccasin. You squeeze the water moccasin.
The water moccasin is heavily wounded.
You constrict the water moccasin. The water moccasin bites you.
You are poisoned.
The water moccasin poisons you! The water moccasin bites you.
You are more poisoned.
The water moccasin poisons you!
You release your grip on the water moccasin.
You feel extremely sick. You block the water moccasin's attack.
Unknown command.
You barely miss the water moccasin. Your grab misses the water moccasin.
Your squeeze misses the water moccasin.
The water moccasin is heavily wounded.
You feel very sick. The water moccasin bites you!
You are lethally poisoned!
The water moccasin poisons you! The water moccasin bites you!
* * * LOW HITPOINT WARNING * * *
It was a potion of brilliance.
You feel clever all of a sudden.
* * * LOW HITPOINT WARNING * * *
You feel extremely sick. The water moccasin bites you.
* * * LOW HITPOINT WARNING * * *
Unknown command.
It was a potion of curing.
You feel better. The water moccasin bites you.
* * * LOW HITPOINT WARNING * * *
You are lethally poisoned!
The water moccasin poisons you! The water moccasin bites you.
* * * LOW HITPOINT WARNING * * *
Unknown command.
It was a potion of attraction.
You feel attractive to monsters.
* * * LOW HITPOINT WARNING * * *
You feel very sick. The water moccasin bites you.
You die...

###### ......
####..).# #.
#.......# ### #.
..#....# ...#
###.###.#....# #..#
..###......@S..#
.<.###........#...###
#.#............#...#
.#................###
#.# .....##.........#
#.# ...##...###.....#
#.### #.##...#
......# ....#
#......# .##....
.##.### #.#.......##
....


You could see a water moccasin.

Vanquished Creatures
  A hornet (D:4)
  An ice beast (D:4)
  A necrophage (D:5)
  A gnoll shaman (D:4)
  Jessica (D:2)
  5 gnolls (D:4)
  3 adders
  An adder skeleton (D:4)
  A worm (D:3)
  4 dart slugs
  6 ball pythons
  7 endoplasms
  2 giant cockroaches (D:4)
  8 goblins
  9 hobgoblins
  6 jackals (D:3)
  2 kobolds (D:2)
  2 quokkas
  7 bats
  2 frilled lizards (D:1)
  3 rats
73 creatures vanquished.

Notes
Turn   | Place    | Note
-------+----------+-------------------------------------------
     0 | D:1      | willcat the Octopode Brigand began the quest for the Orb.
     0 | D:1      | Reached XP level 1. HP: 14/14 MP: 1/1
   502 | D:1      | Reached skill level 6 in Stealth
   502 | D:1      | Reached XP level 2. HP: 6/19 MP: 2/2
   864 | D:1      | Found a faded altar of an unknown god.
  1140 | D:2      | Noticed Jessica
  1148 | D:2      | Killed Jessica
  1149 | D:2      | Reached skill level 1 in Shields
  1149 | D:2      | Reached XP level 3. HP: 15/24 MP: 3/3
  1300 | D:2      | Reached skill level 7 in Stealth
  1300 | D:2      | Reached XP level 4. HP: 24/29 MP: 4/4
  3092 | D:4      | Reached XP level 5. HP: 32/34 MP: 5/5
  3235 | D:4      | Noticed a hornet
  3245 | D:4      | Killed a hornet
  3246 | D:4      | Reached skill level 8 in Stealth
  3246 | D:4      | Reached XP level 6. HP: 8/39 MP: 6/6
  3910 | D:4      | Noticed an ice beast
  3917 | D:4      | Killed an ice beast
  3918 | D:4      | Reached skill level 9 in Stealth
  3976 | D:4      | Reached XP level 7. HP: 33/45 MP: 7/7
  4832 | D:5      | Entered Level 5 of the Dungeon
  4893 | D:5      | Slain by a water moccasin

Illustrated notes

Levels and vault maps discovered:
D:1:      nagdon_arrival_double_spiral, layout_rooms,
          ebering_ecumenical_altar_petrified, minmay_misc_feat_diagonals
D:2:      layout_loops_ring, uniq_jessica
D:3:      layout_basic
D:4:      layout_layer_cave
D:5:      layout_rooms

Skill      XL: |  1  2  3  4  5  6  7 |
---------------+----------------------+-----
Stealth        | 6 7 8 9 |  9.7
Shields        | 1 2 3 |  3.2
Short Blades   | 3 |  3.6
Dodging        | 2 |  2.2
Fighting       | |  2.0
Throwing       | |  2.0

Action                   |  1- 3 |  4- 6 |  7- 9 || total
-------------------------+-------+-------+-------++-------
Melee: Dagger            |    32 |    76 |     8 ||   116
       Constrict         |     8 |    16 |     2 ||    26
       Tentacles         |     4 |    13 |     3 ||    20
Throw: Dart              |       |     9 |    13 ||    22
  Use: Potion            |       |       |     3 ||     3
 Stab: Sleeping          |    10 |    20 |     2 ||    32
Armor: Skin              |       |     6 |       ||     6
Dodge: Dodged            |     3 |    24 |     6 ||    33
Block: Kite shield       |     3 |    33 |     9 ||    45

Table legend: (Time is in decaauts)
 A = Elapsed time spent in this place.
 B = Non-inter-level travel time spent in this place.
 C = Inter-level travel time spent in this place.
 D = Time resting spent in this place.
 E = Time spent auto-exploring this place.
 F = Levels seen in this place.
 G = Mean time per level.
                   A        B        C        D        E       F      G
               +--------+--------+--------+--------+--------+-----+--------+
         Total |   4911 |   4751 |    160 |   1239 |   2894 |   5 |  982.2 |
       Dungeon |   4911 |   4751 |    160 |   1239 |   2894 |   5 |  982.2 |
               +--------+--------+--------+--------+--------+-----+--------+

Top non-repeatable levels by time:
     D:4: 1773 daAuts
     D:2: 1093 daAuts
     D:3: 991 daAuts
     D:1: 991 daAuts
     D:5: 61 daAuts
